 Seeded DCSS version 0.30-a0-359-gd0147acb1a (webtiles) character file.

Game seed: 20221111 (custom seed)

57 Nerdsrcool the Magician (level 4, -2/31 HPs)
             Began as a Djinni Ice Elementalist on Nov 11, 2022.
             Slain by Terence
             ... wielding a +0 mace
              (6 damage)
             ... on level 3 of the Dungeon.
             The game lasted 00:09:55 (1904 turns).

Nerdsrcool the Magician (Djinni Ice Elementalist)   Turns: 1904, Time: 00:09:56

Health: -2/31      AC:  3    Str:  7    XL:     4   Next: 18%
Gold:   201        EV: 12    Int: 17    God:
                   SH:  0    Dex: 15

rFire   + + .      SeeInvis .    b - +3 short sword (vamp)
rCold   x . .      Faith    .    (no shield)
rNeg    . . .      Spirit   .    q - +0 leather armour
rPois   ∞          Reflect  .    (no helmet)
rElec   .          Harm     .    (no cloak)
rCorr   .          Rampage  .    (no gloves)
Will    .....                    (boots unavailable)
Stlth   ++........               m - amulet of regeneration
HPRegen 1.05/turn                (no ring)
MPRegen 0.00/turn                (no ring)

@: flying
A: sickness immunity, fire resistance 2, cold vulnerability 1, float, innate
caster, HP casting, extra vitality 1
a: no special abilities


You were on level 3 of the Dungeon.
You visited 1 branch of the dungeon, and saw 3 of its levels.

You collected 201 gold pieces.

Inventory:

Hand Weapons
 b - a +3 vampiric short sword (weapon)
 f - a +4 whip
Missiles
 l - 4 poisoned darts
 p - 5 boomerangs
Armour
 a - a +0 robe
 h - a +0 scale mail
 q - a +0 leather armour (worn)
Jewellery
 m - an amulet of regeneration (around neck)
Scrolls
 c - a scroll of enchant armour {unknown}
 d - a scroll of blinking {unknown}
 g - a scroll of poison {unknown}
 k - 2 scrolls of identify {unknown}
 n - a scroll of immolation {unknown}
Potions
 e - a potion of resistance {unknown}
 i - 3 potions of mutation {unknown}
 j - 2 potions of curing {unknown}
 o - a potion of attraction {unknown}


   Skills:
 + Level 0.4 Fighting
 + Level 1.0 Short Blades
 + Level 2.5 Dodging
 + Level 1.7 Stealth
 + Level 3.9 Spellcasting


You couldn't memorise any spells.
You knew the following spells:

 Your Spells              Type           Power      Damage    Failure   Level
a - Freeze                Ice            64%        1d7       4%          1
b - Frozen Ramparts       Ice            32%        1d5       14%         3
c - Ozocubu's Armour      Ice            16%        N/A       14%         3
d - Summon Ice Beast      Ice/Summ       16%        N/A       43%         4
e - Kiss of Death         Conj/Necr      64%        2d10      4%          1
Your spell library was empty.

Dungeon Overview and Level Annotations

Branches:
Dungeon (3/15)

Altars:
Hepliaklqana

Annotations:
D:3 Terence


Innate Abilities, Weirdness & Mutations

You are immune to sickness and miasma.
You are immune to poison.
Your flesh is very heat resistant. (rF++)
You are vulnerable to cold. (rC-)
You float through the air rather than walking.
You learn spells naturally, not from books.
Your magical power is your life essence.
You have superior vitality. (+4 MHP)


Message History

Terence misses you.
You hit Terence.
You feel better.
Terence is heavily wounded.
Terence hits you with a +0 mace.
You are too injured to fight recklessly!
You are too injured to fight recklessly!
You are too injured to fight recklessly!
You are too injured to fight recklessly!
You are too injured to fight recklessly!
You are too injured to fight recklessly!
You are too injured to fight recklessly!
You are too injured to fight recklessly!
You are too injured to fight recklessly!
You are too injured to fight recklessly!
You are too injured to fight recklessly!
You are too injured to fight recklessly!
You are too injured to fight recklessly!
Aiming: Freeze (safe; 4% risk of failure)
Press: ? - help, Q - select action, (/) - cycle Shift-Dir - straight line, f - Terence
Aim: Terence, wielding a +0 mace and wearing a +0 ring mail (heavily wounded)
You freeze Terence.
Terence is severely wounded.
Terence hits you with a +0 mace.
You barely miss Terence.
Terence is severely wounded.
Terence hits you with a +0 mace!
* * * LOW HITPOINT WARNING * * *
You hit Terence but do no damage.
Terence is severely wounded.
Terence barely misses you.
You hit Terence but do no damage. You punch Terence, but do no damage.
Terence is severely wounded.
You completely miss Terence.
Terence is severely wounded.
Terence hits you with a +0 mace.
* * * LOW HITPOINT WARNING * * *
You hit Terence.
You feel better.
Terence is severely wounded.
Terence hits you with a +0 mace.
You die...

## .#########
.........#
##.......#
...#####.# ####
##.######## ## #
#.#....<... .. #
##.#########.# #
#........@..# #
#.########@.# # #.#
..# ########.# ..#
.........# ..#
#################..#
# #<........# #
#.######.## # #.#


You could see Terence.

Vanquished Creatures
  An adder (D:2)
  3 dart slugs (D:1)
  An orc (D:3)
  2 ball pythons
  6 endoplasms
  3 giant cockroaches
  5 goblins
  4 hobgoblins
  2 quokkas (D:1)
  4 bats
  3 kobolds
  3 rats
37 creatures vanquished.

Notes
Turn   | Place    | Note
-------+----------+-------------------------------------------
     0 | D:1      | Nerdsrcool the Djinni Ice Elementalist began the quest for
                  | the Orb.
     0 | D:1      | Nerdsrcool set off with the following spells memorised:
                  | Freeze, Frozen Ramparts, Ozocubu's Armour, Summon Ice
                  | Beast.
     0 | D:1      | Reached XP level 1. HP: 15/15 MP: 0/0
   101 | D:1      | Reached XP level 2. HP: 21/21 MP: 0/0
   258 | D:1      | Reached XP level 3. HP: 22/25 MP: 0/0
   258 | D:1      | Learned a level 1 spell: Kiss of Death
  1700 | D:3      | Found a hazy altar of Hepliaklqana.
  1706 | D:3      | Reached skill level 1 in Short Blades
  1706 | D:3      | Reached XP level 4. HP: 30/31 MP: 0/0
  1894 | D:3      | Noticed Terence
  1904 | D:3      | Slain by Terence

Illustrated notes

Levels and vault maps discovered:
D:1:      eino_arrival_tree_alley, layout_rooms, minmay_split_cup_small
D:2:      layout_loops_corners, serial_co_window_serial,
          co_window_of_opportunity_a, co_window_paths_b,
          co_window_of_opportunity_a, co_window_paths_a, co_window_paths_a,
          co_window_corner_b, co_window_corner_ca, co_window_corner_b,
          glass_columns_a, glass_columns_a, glass_columns_a, glass_columns_c
D:3:      wad_river_or_something, layout_loops_ring,
          mainiacjoe_overflow_cross_hatched, grunt_ministairs_14, uniq_terence,
          uniq_ijyb

Skill      XL: |  1  2  3 |
---------------+----------+-----
Short Blades   | 1 |  1.0
Fighting       | |  0.4
Dodging        | |  2.5
Stealth        | |  1.7
Spellcasting   | |  3.9

Action                   |  1- 3 |  4- 6 || total
-------------------------+-------+-------++-------
Melee: Short sword       |    98 |    25 ||   123
       Punch             |     1 |     1 ||     2
 Cast: Freeze            |    13 |     1 ||    14
  Use: Scroll            |     3 |       ||     3
 Stab: Sleeping          |     1 |       ||     1
Armor: Robe              |    19 |     5 ||    24
Dodge: Dodged            |    70 |    12 ||    82

Table legend: (Time is in decaauts)
 A = Elapsed time spent in this place.
 B = Non-inter-level travel time spent in this place.
 C = Inter-level travel time spent in this place.
 D = Time resting spent in this place.
 E = Time spent auto-exploring this place.
 F = Levels seen in this place.
 G = Mean time per level.
                   A        B        C        D        E       F      G
               +--------+--------+--------+--------+--------+-----+--------+
         Total |   1901 |   1901 |      0 |      0 |   1402 |   3 |  633.7 |
       Dungeon |   1901 |   1901 |      0 |      0 |   1402 |   3 |  633.7 |
               +--------+--------+--------+--------+--------+-----+--------+

Top non-repeatable levels by time:
     D:2: 947 daAuts
     D:1: 731 daAuts
     D:3: 222 daAuts
